 Dungeon Crawl Stone Soup version 0.18-a0-20-gaede791 (webtiles) character file.

3859 Hedron the Frost Mage (level 10, 0/63 HPs)
             Began as a Merfolk Ice Elementalist on Nov 2, 2015.
             Was an Initiate of Ashenzari.
             Shot with an arrow by a centaur (9 damage)
             ... on level 9 of the Dungeon.
             The game lasted 00:35:34 (10857 turns).

Hedron the Frost Mage (Merfolk Ice Elementalist)   Turns: 10857, Time: 00:35:34

Health: 0/63       AC:  7    Str:  9    XL:     10   Next: 18%
Magic:  22/22      EV: 13    Int: 17    God:    Ashenzari [......]
Gold:   300        SH:  0    Dex: 15    Spells: 7 memorised, 5 levels left

rFire  . . .     SeeInvis .     y - +12 dagger "Sumuis" {venom, MR+} (curse)
rCold  . . .     Clarity  .     p - +2 animal skin (curse)
rNeg   . . .     SustAt   .     (no shield)
rPois  .         Gourm    .     q - +0 helmet
rElec  .         Spirit   .     s - +1 cloak (curse)
rCorr  .         Warding  .     (no gloves)
rMut   .         Stasis   .     (no boots)
MR     +....                    (no amulet)
Stlth  ++........               (no ring)
                                (no ring)

@: very slightly contaminated, repel missiles, somewhat resistant to hostile
enchantments, unstealthy
A: change form in water, swift swim
a: Renounce Religion


You were on level 9 of the Dungeon.
You worshipped Ashenzari.
Ashenzari was noncommittal.
You were not hungry.

You visited 2 branches of the dungeon, and saw 10 of its levels.

You collected 450 gold pieces.
You spent 150 gold pieces at shops.

Inventory:

Hand Weapons
 r - a +8 quarterstaff of chaos
 y - the cursed +12 dagger "Sumuis" (weapon) {venom, MR+}
   (You found it on level 4 of the Dungeon)

   It poisons the flesh of those it strikes.
   It affects your resistance to hostile enchantments.
   It has a curse placed upon it.
Missiles
 a - 14 poisoned needles
 l - 4 tomahawks (quivered)
 o - 3 exploding tomahawks
Armour
 p - a cursed +2 animal skin (worn)
 q - a +0 helmet (worn)
 s - a cursed +1 cloak (worn)
Wands
 v - a wand of slowing (29)
 A - a wand of confusion (25)
Scrolls
 m - 2 scrolls of fog
 n - 3 scrolls of teleportation
 u - 6 scrolls of magic mapping
 w - 2 scrolls of remove curse
 C - a scroll of amnesia
 E - 2 scrolls of curse weapon
 G - a scroll of curse jewellery
Potions
 d - a potion of ambrosia
 e - 2 potions of brilliance
 g - a potion of haste
 j - a potion of mutation
 z - a potion of magic
Books
 b - a book of Frost

   Spells                             Type                      Level
   a - Freeze                         Ice                          1
   b - Throw Frost                    Conjuration/Ice              2
   c - Ozocubu's Armour               Charms/Ice                   3
   d - Throw Icicle                   Conjuration/Ice              4
   e - Summon Ice Beast               Ice/Summoning                4
   f - Condensation Shield            Ice                          4
 F - a book of Air

   Spells                             Type                      Level
   a - Shock                          Conjuration/Air              1
   b - Swiftness                      Charms/Air                   2
   c - Repel Missiles                 Charms/Air                   2
   d - Static Discharge               Conjuration/Air              3
   e - Lightning Bolt                 Conjuration/Air              5
Comestibles
 c - 7 bread rations
 f - 8 beef jerkies
 h - 6 meat rations
 t - 2 slices of pizza
 B - 3 fruits


   Skills:
 - Level 2.6 Dodging
 - Level 2.1 Stealth
 * Level 8.1 Spellcasting
 + Level 4.8 Conjurations
 + Level 6.0 Charms
 * Level 9.5 Ice Magic


You had 5 spell levels left.
You knew the following spells:

 Your Spells              Type           Power        Failure   Level  Hunger
a - Freeze                Ice            ####         1%          1    None
b - Throw Frost           Conj/Ice       ####..       1%          2    None
c - Ozocubu's Armour      Chrm/Ice       ####....     1%          3    #......
d - Condensation Shield   Ice            #####.....   1%          4    ###....
e - Throw Icicle          Conj/Ice       ####....     8%          4    ###....
f - Summon Ice Beast      Ice/Summ       ###.....     17%         4    ###....
g - Repel Missiles        Chrm/Air       ###...       4%          2    None


Dungeon Overview and Level Annotations

Branches:
Dungeon (9/15)             Temple (1/1) D:7            Lair (0/8) D:9
    Orc: D:9-12

Altars:
Ashenzari
Cheibriados
Dithmenos
Elyvilon
Fedhas
Gozag
Kikubaaqudgha
Makhleb
Nemelex Xobeh
Okawaru
Qazlal
Ru
Sif Muna
Trog
Vehumet
Xom
Zin
The Shining One

Shops:
D:5 *   D:7 (

Annotations:
D:9 exclusion: orange crystal statue


Message History

You feel sick.
You feel sick.
You feel sick.
You feel sick.
Your icy shield starts to melt.
You feel sick.
Your icy shield evaporates.
You flicker for a moment.
You feel sick.
Your icy armour starts to melt.
You flicker back into view.
You feel sick.
You are no longer poisoned.
You start resting.
Your icy armour evaporates.
You start resting.
The centaur shoots an arrow.
The arrow barely misses you.
The centaur shoots an arrow.
The arrow is repelled.
You see here an arrow.
The centaur shoots an arrow.
The arrow hits you!
You die...

##### # ######### #####...#####
.......# #............ .....#
#............ #...# ######
#............
##..###....###............
##.....<..@..##..........).
##..##.........#............
###..###......................
##..####............(c.........
###..##
##...........###(........
##..## #...>........#
##........ ..###
##.............# ##.......
...## #..............# #.......
....## #..............#
#.......


You could see a centaur.

Vanquished Creatures
  Menkaure (D:7)
  A water moccasin (D:5)
  2 orc warriors (D:7)
  A black bear (D:7)
  2 phantoms
  2 centaurs (D:8)
  6 ogres
  A crocodile (D:8)
  Blork the orc (D:4)
  9 giant frogs
  A water moccasin zombie (D:9)
  A water moccasin skeleton (D:8)
  2 scorpions
  A killer bee (D:9)
  12 wights
  3 crimson imps
  A quasit (D:7)
  A jelly (D:7)
  Crazy Yiuf (D:3)
  3 orc priests
  Ijyb (D:1)
  5 giant frog skeletons
  4 orc wizards
  5 worker ants
  Natasha (thrice) (D:4)
  A hound skeleton (D:5)
  A hound zombie (D:8)
  Robin (D:2)
  A worker ant zombie (D:7)
  11 adders
  A shadow imp (D:7)
  An adder zombie (D:5)
  2 adder skeletons
  3 worms (D:2)
  3 giant geckos
  33 orcs
  2 ball pythons
  16 goblins
  9 hobgoblins
  8 quokkas
  7 bats
  13 giant cockroaches
  A giant gecko skeleton (D:6)
  7 giant newts
  13 jackals
  6 kobolds
  10 rats
  A fungus (D:9)
221 creatures vanquished.

Vanquished Creatures (others)
  A giant newt (D:2)
  A fungus (D:3)
2 creatures vanquished.

Grand Total: 223 creatures vanquished

Notes
Turn   | Place    | Note
--------------------------------------------------------------
     0 | D:1      | Hedron the Merfolk Ice Elementalist began the quest for the Orb.
     0 | D:1      | Reached XP level 1. HP: 13/13 MP: 3/3
     6 | D:1      | Noticed a black mamba
     6 | D:1      | Noticed a polar bear
     6 | D:1      | Noticed a hog
     6 | D:1      | Noticed a four-headed hydra
     6 | D:1      | Noticed a komodo dragon
   245 | D:1      | Reached XP level 2. HP: 19/19 MP: 3/5
   271 | D:1      | Learned a level 2 spell: Throw Frost
   869 | D:2      | Found a radiant altar of Vehumet.
   912 | D:2      | Reached XP level 3. HP: 20/24 MP: 0/7
  1032 | D:2      | Reached skill level 4 in Ice Magic
  1207 | D:2      | Learned a level 3 spell: Ozocubu's Armour
  1228 | D:2      | Found a shimmering altar of Xom.
  1282 | D:2      | Reached skill level 1 in Conjurations
  1351 | D:2      | Noticed Ijyb
  1377 | D:1      | Killed Ijyb
  1377 | D:1      | Reached XP level 4. HP: 11/30 MP: 0/8
  2159 | D:2      | Found a stormy altar of Qazlal.
  2160 | D:2      | Noticed Robin
  2187 | D:2      | Killed Robin
  2187 | D:2      | Reached skill level 1 in Charms
  2343 | D:2      | Reached XP level 5. HP: 35/35 MP: 5/10
  2478 | D:2      | Found an opulent altar of Gozag.
  2653 | D:3      | Learned a level 4 spell: Condensation Shield
  2938 | D:3      | Found a snail-covered altar of Cheibriados.
  3205 | D:3      | Noticed Crazy Yiuf
  3214 | D:3      | Killed Crazy Yiuf
  3686 | D:4      | Noticed Blork the orc
  3908 | D:4      | Killed Blork the orc
  3908 | D:4      | Reached XP level 6. HP: 35/41 MP: 1/12
  4070 | D:4      | Reached skill level 5 in Ice Magic
  4331 | D:4      | Noticed Natasha
  4342 | D:4      | Reached XP level 7. HP: 32/46 MP: 0/13
  4346 | D:4      | Killed Natasha
  4372 | D:4      | Noticed Natasha
  4378 | D:4      | Killed Natasha
  4646 | D:4      | Noticed Natasha
  4650 | D:4      | Killed Natasha
  4717 | D:4      | Got a bloodstained dagger
  4718 | D:4      | Identified the +12 dagger "Sumuis" {venom, MR+} (You found it on level 4 of the Dungeon)
  4915 | D:4      | Learned a level 4 spell: Throw Icicle
  4916 | D:5      | Entered Level 5 of the Dungeon
  4925 | D:5      | Found Bihoiluf's Assorted Antiques.
  4943 | D:5      | Bought a scroll labeled PEOSTU AGEERPH for 30 gold pieces
  4943 | D:5      | Bought a scroll of remove curse for 90 gold pieces
  4943 | D:5      | Bought a scroll labeled ABOVVE MYLALOV for 30 gold pieces
  5001 | D:5      | Found a sacrificial altar of Ru.
  5152 | D:5      | Reached skill level 5 in Spellcasting
  5161 | D:5      | Reached skill level 6 in Ice Magic
  5416 | D:5      | Reached XP level 8. HP: 33/52 MP: 15/15
  5786 | D:6      | Found a burning altar of Makhleb.
  6485 | D:7      | Reached skill level 7 in Ice Magic
  6811 | D:7      | Noticed Menkaure
  6824 | D:7      | Killed Menkaure
  6991 | D:7      | Reached XP level 9. HP: 50/57 MP: 4/18
  7173 | D:7      | Found Ismol's Weapon Boutique.
  7345 | D:7      | Found a staircase to the Ecumenical Temple.
  7660 | D:7      | Learned a level 4 spell: Summon Ice Beast
  7698 | D:7      | Reached skill level 8 in Ice Magic
  7947 | D:7      | Reached skill level 5 in Charms
  8195 | Temple   | Entered the Ecumenical Temple
  8703 | Temple   | Became a worshipper of Ashenzari the Shackled
  8909 | D:7      | Learned a level 2 spell: Repel Missiles
  9534 | D:8      | Reached skill level 9 in Ice Magic
  9797 | D:7      | Reached XP level 10. HP: 27/63 MP: 16/21
 10482 | D:9      | Found a staircase to the Lair.
 10795 | D:9      | Noticed an orange crystal statue
 10857 | D:9      | Shot with an arrow by a centaur

Vault maps used:
D:1:      onia_arrival_zoo_common
D:2:      grunt_qazlal_sundering, xom_teletrap_fun, fiery_altar_vehumet,
          marbit_many_paths, uniq_robin, uniq_iyjb
D:3:      cheibriados_altar_1, first_bread, uniq_crazy_yiuf_cottage
D:4:      uniq_natasha, uniq_blork_the_orc
D:5:      serial_shops, shop, basic_altar
D:6:      kennysheep_mini, kennysheep_generic_room_4
D:7:      minmay_temple_entry_statues, serial_shops, shop, uniq_menkaure
D:8:      grunt_ogre_cave
D:9:      yredelemnul_altar_generic, dpeg_oklobed_lair, minmay_protected_statue
Temple:   eino_temple_water_12

Action                   |  1- 3 |  4- 6 |  7- 9 | 10-12 || total
-------------------------+-------+-------+-------+-------++-------
Melee: Unarmed           |    10 |       |       |       ||    10
       Short sword       |    14 |    31 |       |       ||    45
       Quarterstaff      |       |    12 |    20 |       ||    32
       Dagger            |       |       |   238 |    44 ||   282
 Cast: Freeze            |    55 |   109 |    90 |    27 ||   281
       Ozocubu's Armour  |       |     3 |    13 |     5 ||    21
       Throw Frost       |       |     2 |     5 |       ||     7
       Condensation Shie |       |       |     9 |     2 ||    11
       Throw Icicle      |       |       |     1 |     2 ||     3
       Repel Missiles    |       |       |     1 |       ||     1
  Use: Scroll            |     6 |     8 |    18 |     1 ||    33
       Potion            |       |       |     1 |     3 ||     4
 Stab: Sleeping          |       |     3 |     2 |     1 ||     6
  Eat: Chunk             |     2 |     9 |    16 |     4 ||    31
       Royal jelly       |       |       |     1 |       ||     1
       Fruit             |       |       |     1 |       ||     1
